 Dungeon Crawl Stone Soup version 0.30-a0-393-g54b8e3be05 (webtiles) character file.

Game seed: 12645165366509261625

720 testman the Trooper (level 7, -4/66 HPs)
             Began as an Armataur Fighter on Dec 5, 2022.
             Was a Priest of Jiyva.
             Slain by an ogre
             ... wielding a +0 giant club
              (20 damage)
             ... on level 4 of the Dungeon.
             The game lasted 00:09:24 (2146 turns).

testman the Trooper (Armataur Fighter)              Turns: 2146, Time: 00:09:25

Health: -4/66      AC: 12    Str: 24    XL:     7   Next: 42%
Magic:  7/7        EV:  5    Int:  8    God:    Jiyva [***...]
Gold:   164        SH:  5    Dex: 15    Spells: 6/6 levels left

rFire   . . .      SeeInvis .    a - +0 flail
rCold   . . .      Faith    .    c - +0 buckler
rNeg    . . .      Spirit   .    b - +0 scale mail
rPois   +          Reflect  .    (no helmet)
rElec   .          Harm     .    j - +0 cloak
rCorr   +          Roll     +    (no gloves)
Will    +++..                    n - +0 barding
Stlth   ..........               (no amulet)
HPRegen 1.43/turn                m - +6 ring of dexterity
MPRegen 0.45/turn                (no ring)

@: no status effects
A: large, rugged brown scales 3, deformed body, armoured tail, roll, long
tongue, awkward tongue, strong-willed 3, poison resistance
a: Renounce Religion, Oozemancy


You were on level 4 of the Dungeon.
You worshipped Jiyva.
Jiyva was most pleased with you.
You visited 1 branch of the dungeon, and saw 4 of its levels.

You collected 164 gold pieces.

Inventory:

Hand Weapons
 a - a +0 flail (weapon)
Missiles
 d - 3 poisoned darts
 h - 2 throwing nets (quivered)
Armour
 b - a +0 scale mail (worn)
 c - a +0 buckler (worn)
 j - a +0 cloak (worn)
 n - a +0 barding (worn)
Jewellery
 m - a +6 ring of dexterity (left hand)
Wands
 s - a wand of flame (13)
Scrolls
 e - a scroll of enchant weapon {unknown}
 g - 4 scrolls of teleportation {unknown}
 k - 5 scrolls of identify {unknown}
 p - a scroll of magic mapping {unknown}
 q - a scroll of torment {unknown}
 r - a scroll of amnesia {unknown}
Potions
 f - a potion of flight {unknown}
 i - a potion of attraction {unknown}
 l - a potion of degeneration {unknown}
 o - 2 potions of curing {unknown}


   Skills:
 + Level 5.9 Fighting
 + Level 5.5 Maces & Flails
 - Level 3.6 Armour
 - Level 3.2 Shields


You had 6 spell levels left.
You didn't know any spells.
Your spell library contained the following spells:

 Spells                   Type           Power      Damage    Failure   Level
 Apportation              Tloc           0%         N/A       78%         1
 Necrotise                Necr           0%         1d4       78%         1
 Slow                     Hex            0%         N/A       78%         1
 Summon Small Mammal      Summ           0%         N/A       78%         1
 Confusing Touch          Hex            0%         N/A       98%         3
 Vampiric Draining        Necr           0%         2d6       98%         3


Dungeon Overview and Level Annotations

Branches:
Dungeon (4/15)
 Temple: D:4-7

Altars:
Okawaru
Jiyva

Shops:
D:2 ((


Innate Abilities, Weirdness & Mutations

You are completely covered in rugged brown scales. (AC +3, +7% HP)
Armour fits poorly on your strangely shaped body.
You have a long armoured tail.
You roll when moving toward enemies. (Rampage)
Your long tongue fully drains potion bottles. (2x potion effects)
Your tongue gives you trouble enunciating. (1.5x scroll delay)
You are extremely strong-willed. (Will+++)
Your system is resistant to poisons. (rPois)


Message History

You swap places.
Jiyva says: Divide and consume!
Jiyva alters your body.
You feel strong-willed.
You feel more strong-willed.
You feel your will become almost unbreakable.
You feel resistant to poisons.
(D) Dungeon
Where to? (Enter - D:3, ? - help)
There is a stone staircase leading down here.
You climb downwards.
Found an amethyst potion.
There is a stone staircase leading up here.
A hound and an adder come into view.
Found a diamond ring.
The hound barks!
The adder hisses angrily.
You hear an angry hiss.
You hear a shout!
You roll towards the adder!
The adder bites you but does no damage.
You hear a distant slurping noise.
You barely miss the adder.
Your tail-slap misses the adder.
You block the adder's attack. The ogre hits you with a +0 giant club!
A hobgoblin comes into view.
You sock the adder!
You kill the adder!
You miss the hound. You tail-slap the hound!
The hound is heavily wounded.
The hound bites you. The ogre hits you with a +0 giant club!
The hound closely misses you.
You barely miss the hound. You tail-slap the hound.
The hound is almost dead.
The hound bites you but does no damage. The ogre hits you with a +0 giant club!
The hound barely misses you.
You hit the hound.
You kill the hound!
You hear a distant slurping noise.
The ogre hits you with a +0 giant club!!
* * * LOW HITPOINT WARNING * * *
You sock the ogre!
The ogre is heavily wounded.
The ogre hits you with a +0 giant club!!
You die...

......=...
#........#
........#
#...!...# #
#.#.....# .#
#.#.......# .#
......#O..#+#.#
#..g@......#
#.###......+
#.#.<..#
#...........
........###..#.
..#.....# .#
........# #
#........
.......#.


You could see an ogre and a hobgoblin.

Vanquished Creatures
  Grinder (D:3)
  Sigmund (D:3)
  Pargi (D:3)
  An orc priest (D:3)
  A hound (D:4)
  Jessica (D:3)
  Natasha (D:3)
  7 gnolls
  4 adders
  A worm (D:2)
  A dart slug (D:1)
  2 orcs (D:3)
  3 giant cockroaches
  2 goblins
  5 hobgoblins
  12 jackals
  3 quokkas
  3 ball pythons
  5 bats
  6 frilled lizards
  6 kobolds
  6 rats
73 creatures vanquished.

Vanquished Creatures (others)
  Natasha (twice) (D:3)
  An adder (D:3)
  A giant cockroach (D:3)
  A goblin (D:3)
  A kobold (D:2)
  3 rats (D:2)
9 creatures vanquished.

Grand Total: 82 creatures vanquished

Notes
Turn   | Place    | Note
-------+----------+-------------------------------------------
     0 | D:1      | testman the Armataur Fighter began the quest for the Orb.
     0 | D:1      | Reached XP level 1. HP: 19/19 MP: 1/1
   220 | D:1      | Reached XP level 2. HP: 27/27 MP: 2/2
   540 | D:1      | Reached XP level 3. HP: 30/33 MP: 3/3
   570 | D:1      | Found a faded altar of an unknown god.
   598 | D:1      | Prayed at the altar of an unknown god.
   598 | D:1      | Became a worshipper of Jiyva Jigang the Shapeless
   598 | D:1      | Reached * piety under Jiyva
   850 | D:2      | Reached XP level 4. HP: 37/42 MP: 4/4
   951 | D:2      | Reached ** piety under Jiyva
  1035 | D:2      | Found Bopn's Antique Weapon Emporium.
  1397 | D:2      | Found Etaehoys's Weapon Boutique.
  1529 | D:3      | Found an iron altar of Okawaru.
  1536 | D:3      | Noticed Jessica
  1539 | D:3      | Killed Jessica
  1565 | D:3      | Noticed Sigmund
  1580 | D:3      | Killed Sigmund
  1581 | D:3      | Reached XP level 5. HP: 49/50 MP: 5/5
  1581 | D:3      | Reached XP level 6. HP: 55/56 MP: 6/6
  1647 | D:3      | Reached *** piety under Jiyva
  1692 | D:3      | Noticed Natasha
  1700 | D:3      | Killed Natasha
  1729 | D:3      | Noticed Grinder
  1737 | D:3      | Paralysed by Grinder for 5 turns
  1745 | D:3      | Killed Grinder
  1746 | D:3      | Reached skill level 5 in Fighting
  1746 | D:3      | Reached skill level 5 in Maces & Flails
  1746 | D:3      | Reached XP level 7. HP: 65/65 MP: 7/7
  1751 | D:3      | Killed Natasha
  1780 | D:3      | Noticed Pargi
  1791 | D:3      | Killed Pargi
  2072 | D:3      | Killed Natasha
  2124 | D:3      | Gained mutation: You are strong-willed. (Will+) [Jiyva's
                  | grace]
  2124 | D:3      | Gained mutation: You are highly strong-willed. (Will++)
                  | [Jiyva's grace]
  2124 | D:3      | Gained mutation: You are extremely strong-willed. (Will+++)
                  | [Jiyva's grace]
  2124 | D:3      | Gained mutation: Your system is resistant to poisons.
                  | (rPois) [Jiyva's grace]
  2146 | D:4      | Slain by an ogre

Illustrated notes

Levels and vault maps discovered:
D:1:      scummos_arrival_hexagon, layout_basic,
          hellmonk_ecumenical_altar_dog_temple
D:2:      layout_basic, serial_shops, nicolae_shop_waterfront,
          nicolae_shop_window_shopping, grunt_ministairs_10, minmay_hedge_maze
D:3:      layout_loops_cross, nicolae_overflow_crystal_walls, uniq_jessica,
          uniq_grinder, uniq_sigmund, uniq_pargi, uniq_natasha
D:4:      layout_basic, minmay_stone_trees_small, minmay_fractal_squares_5

Skill      XL: |  1  2  3  4  5  6 |
---------------+-------------------+-----
Maces & Flails | 2 3 4 5 |  5.5
Fighting       | 3 4 5 |  5.9
Armour         | |  3.6
Shields        | |  3.2

Action                   |  1- 3 |  4- 6 |  7- 9 || total
-------------------------+-------+-------+-------++-------
Melee: Flail             |   124 |    59 |    65 ||   248
       Tailslap          |     9 |     5 |     9 ||    23
  Use: Potion            |       |     1 |       ||     1
Armor: Scale mail        |    89 |    29 |    49 ||   167
Dodge: Dodged            |    53 |    15 |    16 ||    84
Block: Buckler           |    44 |    10 |    12 ||    66

Table legend: (Time is in decaauts)
 A = Elapsed time spent in this place.
 B = Non-inter-level travel time spent in this place.
 C = Inter-level travel time spent in this place.
 D = Time resting spent in this place.
 E = Time spent auto-exploring this place.
 F = Levels seen in this place.
 G = Mean time per level.
                   A        B        C        D        E       F      G
               +--------+--------+--------+--------+--------+-----+--------+
         Total |   2209 |   2163 |     46 |      0 |   1588 |   4 |  552.2 |
       Dungeon |   2209 |   2163 |     46 |      0 |   1588 |   4 |  552.2 |
               +--------+--------+--------+--------+--------+-----+--------+

Top non-repeatable levels by time:
     D:2: 809 daAuts
     D:1: 726 daAuts
     D:3: 664 daAuts
     D:4: 9 daAuts
